 Dungeon Crawl Stone Soup version 0.30-a0-778-g2ef04afb54 (webtiles) character file.

Game seed: 14037104255402945696

5779 Leeroy the Carver (level 10, -2/46 HPs)
             Began as a Vine Stalker Warper on Feb 15, 2023.
             Was a Follower of Wu Jian.
             Slain by Grum
             ... wielding a +0 spear
              (13 damage)
             ... on level 8 of the Dungeon.
             The game lasted 00:12:43 (7501 turns).

Leeroy the Carver (Vine Stalker Warper)             Turns: 7501, Time: 00:12:43

Health: -2/46      AC: 13    Str: 13    XL:     10   Next: 78%
Magic:  0/19       EV: 17    Int: 13    God:    Wu Jian [*.....]
Gold:   374        SH:  0    Dex: 22    Spells: 11/19 levels left

rFire   + + .      SeeInvis .    x - +0 rapier (venom)
rCold   x . .      Faith    .    (no shield)
rNeg    . . .      Spirit   +    C - +0 fire dragon scales
rPois   .          Reflect  .    (no helmet)
rElec   .          Harm     .    k - +1 cloak
rCorr   .          Rampage  .    (no gloves)
Will    +....                    s - +0 pair of boots of the Spheres {Dex+3} Stlth
                                 (no amulet)
HPRegen 1.07/turn                P - +5 ring of evasion
MPRegen 0.16/turn                (no ring)

@: no status effects
A: fangs 3, regeneration 1, magic shield, antimagic bite, no potion heal 2
a: Renounce Religion


You were on level 8 of the Dungeon.
You worshipped Wu Jian.
Wu Jian was aware of your devotion.
You visited 2 branches of the dungeon, and saw 9 of its levels.

You collected 429 gold pieces.
You spent 55 gold pieces at shops.

Inventory:

Hand Weapons
 a - a +0 falchion
 x - a +0 rapier of venom (weapon)
 E - a +1 dagger of venom
 J - a +0 great sword
 U - a +2 short sword of holy wrath
Missiles
 d - 7 boomerangs of dispersal
 m - 16 poisoned darts
 t - 4 boomerangs
 I - 6 curare-tipped darts (quivered)
 O - 3 silver boomerangs
Armour
 b - a +0 leather armour
 k - a +1 cloak (worn)
 s - the +0 pair of boots of the Spheres (worn) {Dex+3}
   (You found it on level 2 of the Dungeon)

   Dex:       It affects your dexterity (+3).
 w - a +0 plate armour
 A - a +0 robe of positive energy
 C - +0 fire dragon scales (worn)
 D - a +2 robe of fire resistance
 K - a +0 ring mail of poison resistance
 L - the +4 robe "Qaedymen" {rPois Str+2 Stlth+}
   (You took it off a centaur on level 5 of the Dungeon)

   Str:       It affects your strength (+2).
   rPois:     It protects you from poison.
   Stlth:     It makes you more stealthy.
Jewellery
 P - a +5 ring of evasion (left hand)
 R - a ring of fire
Wands
 M - a wand of quicksilver (8)
 Q - a wand of flame (30)
 S - a wand of mindburst (18)
Scrolls
 c - 2 scrolls of blinking
 f - 7 scrolls of teleportation {unknown}
 g - 4 scrolls of poison {unknown}
 h - a scroll of acquirement {unknown}
 l - 13 scrolls of identify {unknown}
 y - 2 scrolls of vulnerability {unknown}
 B - 2 scrolls of brand weapon {unknown}
 F - 2 scrolls of noise {unknown}
 H - 2 scrolls of enchant weapon {unknown}
 T - a scroll of silence {unknown}
 V - 2 scrolls of immolation
Potions
 e - 3 potions of brilliance {unknown}
 i - a potion of invisibility {unknown}
 j - 2 potions of flight {unknown}
 n - 2 potions of attraction {unknown}
 o - 2 potions of curing
 p - 3 potions of lignification {unknown}
 q - a potion of berserk rage
 r - 2 potions of resistance {unknown}
 u - a potion of haste {unknown}
 v - 2 potions of might {unknown}
 z - a potion of mutation {unknown}
 G - a potion of ambrosia {unknown}
 N - a potion of magic {unknown}
 W - a potion of degeneration {unknown}


   Skills:
 - Level 1.7 Fighting
 - Level 10.2 Long Blades
 - Level 0.8 Throwing
 - Level 6.2 Armour
 - Level 6.1 Dodging
 * Level 5.4 Spellcasting
 - Level 3.0 Translocations


You had 11 spell levels left.
You knew the following spells:

 Your Spells              Type           Power      Damage    Failure   Level
a - Blink                 Tloc           22%        N/A       38%         2
b - Vhi's Electric Charg  Tloc/Air       14%        N/A       83%         3
c - Dazzling Flash        Conj/Hex       6%         N/A       96%         3

Your spell library contained the following spells:

 Spells                   Type           Power      Damage    Failure   Level
 Lesser Beckoning         Tloc           22%        N/A       38%         2
 Teleport Other           Tloc           11%        N/A       63%         3
 Slow                     Hex            12%        N/A       67%         1
 Sting                    Tmut/Pois      12%        1d3       67%         1
 Poisonous Vapours        Pois/Air       6%         N/A       82%         2
 Portal Projectile        Hex/Tloc       14%        N/A       83%         3
 Manifold Assault         Tloc           11%        N/A       95%         4
 Confusing Touch          Hex            3%         N/A       96%         3
 Stone Arrow              Conj/Erth      6%         3d7       96%         3
 Tukima's Dance           Hex            3%         N/A       96%         3
 Vampiric Draining        Necr           3%         2d6       96%         3
 Iskenderun's Mystic Bla  Conj/Tloc      7%         2d4       99%         4
 Animate Armour           Summ/Erth      6%         N/A       100%        4
 Olgreb's Toxic Radiance  Pois           3%         N/A       100%        4
 Alistair's Intoxication  Tmut/Pois      2%         N/A       100%        5
 Blade Hands              Tmut           1%         N/A       100%        5
 Borgnjor's Vile Clutch   Necr/Erth      1%         N/A       100%        5
 Eringya's Noxious Bog    Tmut/Pois      1%         N/A       100%        6
 Starburst                Conj/Fire      1%         6d3       100%        6
 Lehudib's Crystal Spear  Conj/Erth      1%         10d2      100%        8


Dungeon Overview and Level Annotations

Branches:
Dungeon (8/15)             Temple (1/1) D:5
   Lair: D:8-11

Altars:
Ashenzari
Cheibriados
Dithmenos
Elyvilon
Fedhas
Gozag
Hepliaklqana
Kikubaaqudgha
Makhleb
Nemelex Xobeh
Okawaru
Qazlal
Ru
Sif Muna
Trog
Uskayaw
Vehumet
Wu Jian
Xom
Yredelemnul
Zin
The Shining One

Shops:
D:2 !   D:5 (

Annotations:
D:2 1 runed translucent door, Crazy Yiuf
D:8 3 runed translucent doors, Grum; kae's ghost, journeyman GrEE


Innate Abilities, Weirdness & Mutations

You have razor-sharp teeth.
Your natural rate of healing is unusually fast.
When hurt, damage is shared between your health and your magic reserves.
Your bite disrupts and absorbs the magic of your enemies.
Potions cannot restore your health.


Message History

You hit the wolf. You bite the wolf, but do no damage.
The wolf is moderately wounded.
The wolf bites you but does no damage.
You hit the wolf.
The wolf is poisoned.
Your bite misses the wolf.
The wolf is heavily wounded.
The wolf barely misses you.
Grum drinks a potion.
Grum goes berserk!
The wolf misses you.
You barely miss the wolf.
The wolf is heavily wounded.
The wolf bites you but does no damage.
You hit the wolf but do no damage. Your bite misses the wolf.
The wolf is heavily wounded.
The wolf bites you! The wolf misses you. Grum barely misses you.
You hit the wolf. You bite the wolf. You drain its power.
You feel invigorated.
The wolf is severely wounded.
The wolf bites you but does no damage.
Grum hits you from afar with a +0 spear!
You miss the wolf. Your bite misses the wolf.
The wolf is severely wounded.
The wolf misses you. Grum misses you. The wolf barely misses you.
You hit the wolf.
You kill the wolf!
The Council accepts your kill. Grum closely misses you. Grum barely misses you.
You lunge at Grum.
You hit Grum but do no damage.
Grum is poisoned.
You bite Grum. You drain his power.
You feel invigorated.
Grum is lightly wounded.
Grum hits you with a +0 spear!!
You barely miss Grum. Your bite misses Grum.
Grum is lightly wounded.
Grum barely misses you. Grum hits you but does no damage.
You hit Grum but do no damage. You bite Grum. You drain his power.
You feel invigorated.
Grum is lightly wounded.
Grum hits you with a +0 spear!
* * * LOW HITPOINT WARNING * * *
You hit Grum.
Grum is lightly wounded.
Grum hits you with a +0 spear!!
You die...

### ### #.. #.. # #..
#...#####.############..
###.#.#..@gh..............
#.......###h........#.....
#>........# ######......##
#########.#####......#..#
#.#...#.#.......#
#.#.#.....#####.#
#...###.......#.##
##........#.#.#...
###.###....#.+...


You could see Grum (berserk, very poisoned) and 2 wolves.

Vanquished Creatures
  2 two-headed ogres (D:7)
  Pikel (D:4)
  Maurice (D:8)
  Sigmund (D:5)
  A wyvern (D:7)
  A steam dragon (D:8)
  Menkaure (D:4)
  A water moccasin (D:8)
  Duvessa (D:4)
  An orc warrior (D:8)
  2 black bears
  5 ice beasts
  3 ogres
  A wolf (D:8)
  2 centaurs
  A lemure (D:4)
  2 phantoms
  A kobold brigand (D:7)
  Blork the orc (D:5)
  2 necrophages
  2 bullfrogs (D:7)
  3 scorpions
  2 wights (D:8)
  Dowan (D:4)
  5 killer bees (D:8)
  A howler monkey (D:5)
  2 jellies (D:6)
  A hound (D:6)
  2 orc priests
  4 iguanas
  Natasha (thrice) (D:3)
  6 orc wizards
  Robin (D:4)
  4 gnolls (D:5)
  8 adders
  2 shadow imps
  3 white imps
  An ufetubus (D:5)
  5 dart slugs
  20 orcs
  7 ball pythons
  7 endoplasms
  3 giant cockroaches
  18 goblins
  5 hobgoblins
  2 jackals (D:1)
  17 kobolds
  A quokka (D:3)
  9 bats
  3 frilled lizards
  3 rats
182 creatures vanquished.

Notes
Turn   | Place    | Note
-------+----------+-------------------------------------------
     0 | D:1      | Leeroy the Vine Stalker Warper began the quest for the Orb.
     0 | D:1      | Reached XP level 1. HP: 11/11 MP: 4/4
    80 | D:1      | Reached skill level 2 in Long Blades
   101 | D:1      | Reached XP level 2. HP: 6/15 MP: 6/6
   151 | D:1      | Found a faded altar of an unknown god.
   413 | D:1      | Reached skill level 3 in Long Blades
   563 | D:1      | Reached XP level 3. HP: 18/18 MP: 7/7
  1149 | D:2      | Gained mutation: Your natural rate of healing is unusually
                  | fast. [Vine Stalker growth]
  1149 | D:2      | Reached XP level 4. HP: 22/23 MP: 8/8
  1155 | D:2      | Learned a level 2 spell: Blink
  1159 | D:2      | Learned a level 3 spell: Vhi's Electric Charge
  1213 | D:2      | Found Akhaoka's Distillery.
  1223 | D:2      | Bought a potion of berserk rage for 55 gold pieces
  1229 | D:2      | Identified the +0 pair of boots of the Spheres {Dex+3}
  1442 | D:2      | Found a runed translucent door.
  1443 | D:2      | Noticed Crazy Yiuf
  1504 | D:3      | Reached skill level 4 in Long Blades
  1646 | D:3      | Noticed an ice beast
  1664 | D:3      | Killed an ice beast
  1665 | D:3      | Reached skill level 5 in Long Blades
  1665 | D:3      | Reached XP level 5. HP: 26/26 MP: 9/9
  2021 | D:3      | Noticed Natasha
  2028 | D:3      | Killed Natasha
  2029 | D:3      | Reached XP level 6. HP: 30/30 MP: 10/10
  2560 | D:3      | Noticed Natasha
  2574 | D:3      | Killed Natasha
  2658 | D:3      | Noticed Natasha
  2669 | D:3      | Killed Natasha
  2722 | D:4      | Noticed Robin
  2741 | D:4      | Killed Robin
  2742 | D:4      | Reached skill level 6 in Long Blades
  2901 | D:4      | Noticed Duvessa
  2902 | D:4      | Noticed Dowan
  2948 | D:4      | Killed Duvessa
  2949 | D:4      | Reached XP level 7. HP: 34/34 MP: 6/11
  2958 | D:4      | Killed Dowan
  3099 | D:4      | Noticed Menkaure
  3105 | D:4      | Killed Menkaure
  3128 | D:4      | Noticed Pikel
  3160 | D:4      | Killed Pikel
  3161 | D:4      | Gained mutation: You have razor-sharp teeth. [Vine Stalker
                  | growth]
  3161 | D:4      | Reached XP level 8. HP: 11/38 MP: 4/12
  3284 | D:4      | Reached skill level 1 in Armour
  3748 | D:5      | Entered Level 5 of the Dungeon
  3748 | D:5      | Noticed Blork the orc
  3757 | D:5      | Killed Blork the orc
  3858 | D:5      | Noticed Sigmund
  3886 | D:5      | Killed Sigmund
  3887 | D:5      | Reached XP level 9. HP: 42/42 MP: 13/13
  3911 | D:5      | Found an opulent altar of Gozag.
  3918 | D:5      | Reached skill level 5 in Armour
  3931 | D:5      | Found Humidd's Weapon Boutique.
  4137 | D:5      | Learned a level 3 spell: Dazzling Flash
  4237 | D:5      | Found an iron altar of Okawaru.
  4318 | D:5      | Found a staircase to the Ecumenical Temple.
  4373 | Temple   | Entered the Ecumenical Temple
  4676 | Temple   | Became a worshipper of the Wu Jian Council
  4824 | D:5      | Identified the +4 robe "Qaedymen" {rPois Str+2 Stlth+}
  5707 | D:6      | Found a shadowy altar of Dithmenos.
  5993 | D:7      | Noticed a two-headed ogre
  6010 | D:7      | Killed a two-headed ogre
  6011 | D:7      | Reached skill level 8 in Long Blades
  6046 | D:7      | Reached XP level 10. HP: 26/46 MP: 8/14
  6198 | D:7      | Noticed a two-headed ogre
  6212 | D:7      | Killed a two-headed ogre
  6213 | D:7      | Reached skill level 9 in Long Blades
  6513 | D:7      | Found a blossoming altar of Fedhas.
  6735 | D:7      | Reached skill level 10 in Long Blades
  7021 | D:7      | Found a snail-covered altar of Cheibriados.
  7071 | D:8      | Reached * piety under Wu Jian
  7169 | D:8      | Noticed Maurice
  7187 | D:8      | Killed Maurice
  7342 | D:8      | Reached skill level 5 in Spellcasting
  7445 | D:8      | Found a runed translucent gate.
  7445 | D:8      | Found a runed translucent gate.
  7445 | D:8      | Found a runed translucent gate.
  7449 | D:8      | Noticed kae's ghost (journeyman GrEE)
  7487 | D:8      | Noticed Grum
  7501 | D:8      | Slain by Grum

Illustrated notes

Levels and vault maps discovered:
D:1:      minmay_arrival_cross, layout_basic, hellmonk_ecumenical_altar_blasted
D:2:      layout_rooms, serial_shops, shop, uniq_crazy_yiuf_cottage
D:3:      minmay_recursive_quarters, layout_rooms, dreamdust_princess_corridor,
          kennysheep_minor_cross, grunt_ministairs_15, fountainhead,
          uniq_natasha
D:4:      layout_gridville, uniq_menkaure, uniq_duvessa, uniq_robin, uniq_pikel
D:5:      layout_basic, okawaru_trees_2, nicolae_gozag_seed_capital,
          minmay_temple_entry_statues_fountains, serial_shops,
          nicolae_shop_trees, patterned_corridor, uniq_blork_the_orc,
          uniq_sigmund
D:6:      layout_basic, lemuel_doored_altar
D:7:      layout_basic, mainiacjoe_overflow_big_doors, serial_co_window_serial,
          co_window_corner_a, co_window_paths_b, co_window_corner_a,
          co_window_of_opportunity_a, co_window_paths_a,
          co_window_of_opportunity_b, co_window_corner_cb, co_window_cross_2,
          co_window_broadway_a, co_window_4corner_b, glass_columns_a,
          glass_columns_c, glass_columns_a, grunt_ministairs_12
D:8:      layout_basic, biasface_ghost_orc_armoury, uniq_maurice, uniq_grum
Temple:   minmay_temple_bridge_d

Skill      XL: |  1  2  3  4  5  6  7  8  9 10 |
---------------+-------------------------------+-----
Long Blades    | 2 3 5 6 8 10 | 10.2
Dodging        | 2 6 |  6.1
Armour         | 4 6 |  6.2
Spellcasting   | 5 |  5.4
Fighting       | |  1.7
Throwing       | |  0.8
Translocations | |  3.0

Action                     |  1- 3 |  4- 6 |  7- 9 | 10-12 || total
---------------------------+-------+-------+-------+-------++-------
  Melee: Falchion          |    88 |   100 |    21 |       ||   209
         Bite              |    26 |    49 |   111 |    71 ||   257
         Rapier            |       |    40 |   244 |   159 ||   443
         Punch             |       |       |     4 |     3 ||     7
         Short sword       |       |       |       |    16 ||    16
  Throw: Dart              |       |       |     5 |     1 ||     6
Ability: Lunge             |       |       |    11 |     9 ||    20
         Whirlwind         |       |       |       |     2 ||     2
   Stab: Sleeping          |     1 |     1 |       |       ||     2
 Armour: Leather armour    |    32 |    55 |    13 |       ||   100
         Fire dragon scale |       |       |   103 |    88 ||   191
  Dodge: Dodged            |    40 |    93 |   153 |   173 ||   459

Table legend: (Time is in decaauts)
 A = Elapsed time spent in this place.
 B = Non-inter-level travel time spent in this place.
 C = Inter-level travel time spent in this place.
 D = Time resting spent in this place.
 E = Time spent auto-exploring this place.
 F = Levels seen in this place.
 G = Mean time per level.
                   A        B        C        D        E       F      G
               +--------+--------+--------+--------+--------+-----+--------+
         Total |   7498 |   6975 |    523 |    302 |   5147 |   9 |  833.1 |
       Dungeon |   7121 |   6749 |    372 |    302 |   4934 |   8 |  890.1 |
        Temple |    376 |    225 |    151 |      0 |    213 |   1 |  376.0 |
               +--------+--------+--------+--------+--------+-----+--------+

Top non-repeatable levels by time:
     D:3: 1212 daAuts
     D:4: 1095 daAuts
     D:5: 1068 daAuts
     D:7: 1034 daAuts
     D:1: 974 daAuts
     D:6: 779 daAuts
     D:2: 507 daAuts
     D:8: 450 daAuts
  Temple: 376 daAuts
